 Dungeon Crawl Stone Soup version 0.29-a0-371-g91724d5b39 (webtiles) character file.

Game seed: 574958018201592677

9 Sweeb the Insei (level 2, 0/21 HPs)
             Began as an Octopode Monk on May 3, 2022.
             Slain by a gnoll
             ... wielding a +0 spear
              (5 damage)
             ... on level 1 of the Dungeon.
             The game lasted 00:00:32 (532 turns).

Sweeb the Insei (Octopode Monk)                      Turns: 532, Time: 00:00:33

Health: 0/21       AC:  1    Str: 10    XL:     2   Next: 16%
Magic:  2/2        EV: 14    Int: 12    God:
Gold:   25         SH:  0    Dex: 14    Spells: 1/1 levels left

rFire   . . .      SeeInvis .     - Unarmed
rCold   . . .      Faith    .   (no shield)
rNeg    . . .      Spirit   .   (helmet restricted)
rPois   .          Reflect  .   (no amulet)
rElec   .          Harm     .   (no ring)
rCorr   .          Rampage  .   (no ring)
Will    .....                   (no ring)
Stlth   +++.......              (no ring)
HPRegen 0.07/turn               (no ring)
MPRegen 0.08/turn               (no ring)
                                (no ring)
                                (no ring)

@: no status effects
A: almost no armour, amphibious, 8 rings, camouflage 1, gelatinous body 1,
(nimble swimmer 1), tentacles
a: no special abilities


You were on level 1 of the Dungeon.
You visited 1 branch of the dungeon, and saw 1 of its levels.

You collected 25 gold pieces.

Inventory:

Scrolls
 c - a scroll of identify {unknown}
Potions
 a - a potion of ambrosia
 b - a potion of curing {unknown}


   Skills:
 + Level 3.1 Fighting
 + Level 3.1 Dodging
 + Level 3.0 Stealth
 * Level 3.2 Unarmed Combat


You had one spell level left.
You didn't know any spells.
Your spell library was empty.

Dungeon Overview and Level Annotations

Branches:
Dungeon (1/15)

Altars:


Innate Abilities, Weirdness & Mutations

You cannot wear most types of armour.
You are amphibious.
You can wear up to eight rings at the same time.
Your skin changes colour to match your surroundings (Stealth+).
Your rubbery body absorbs attacks. (AC +1, EV +1)
((You are camouflaged when in or above water. (Stealth+)))
You have tentacles for arms and can constrict up to eight enemies at once.


Message History

Things that are here:
a +0 club; a kobold corpse
There is a staircase leading out of the dungeon here.
There is an open door here.
You open the door.
There is an open door here.
A goblin comes into view. It is wielding a +0 dagger.
A goblin is nearby!
A goblin is nearby!
The helpless goblin fails to defend itself.
You tentacle-slap the goblin.
You kill the goblin!
No target in view!
Things that are here:
a +0 dagger; a goblin corpse
Found a short sword.
You see here a +0 short sword.
Found a stone staircase leading down.
A ball python comes into view.
A gnoll comes into view. It is wielding a +0 spear.
The gnoll shouts!
The ball python hisses angrily.
The ball python bites you. The ball python barely misses you.
The ball python bites you. The ball python closely misses you.
You closely miss the ball python. Your grab misses the ball python.
You squeeze the ball python.
You kill the ball python!
The gnoll misses you.
Your Stealth skill increases to level 3!
The gnoll hits you with a +0 spear!
You are too injured to fight recklessly!
You are too injured to fight recklessly!
You tentacle-slap the gnoll. Your grab misses the gnoll.
The gnoll is heavily wounded.
The gnoll hits you with a +0 spear.
* * * LOW HITPOINT WARNING * * *
You tentacle-slap the gnoll. You grab the gnoll.
The gnoll is almost dead.
You constrict the gnoll, but do no damage.
The gnoll hits you with a +0 spear.
You die...

# #####............ #.
#...#............
...##.###.#.#.####+#####.
.....>...................
...####.##########.#####.
............... #)
....###.####### #. ..
#.################.
#.@................
.........g..############.
............# #.
............# ####.
............# #....
...########## #.##. ...
#.### .. ##.... #.....


You could see a gnoll.

Vanquished Creatures
  2 ball pythons (D:1)
  A bat (D:1)
  3 goblins (D:1)
  A kobold (D:1)
  A rat (D:1)
8 creatures vanquished.

Notes
Turn   | Place    | Note
-------+----------+-------------------------------------------
     0 | D:1      | Sweeb the Octopode Monk began the quest for the Orb.
     0 | D:1      | Reached XP level 1. HP: 16/16 MP: 1/1
   218 | D:1      | Reached XP level 2. HP: 7/21 MP: 2/2
   532 | D:1      | Slain by a gnoll

Illustrated notes

Levels and vault maps discovered:
D:1:      minmay_arrival_stone_box, layout_basic, minmay_tetromino_o2

Skill      XL: |  1  2 |
---------------+-------+-----
Stealth        | 3 |  3.0
Fighting       | |  3.1
Dodging        | |  3.1
Unarmed Combat | |  3.2

Action                   || total
-------------------------++-------
Melee: Unarmed           ||    15
       Constrict         ||     2
       Tentacles         ||     2
 Stab: Sleeping          ||     3
Dodge: Dodged            ||     6

Table legend: (Time is in decaauts)
 A = Elapsed time spent in this place.
 B = Non-inter-level travel time spent in this place.
 C = Inter-level travel time spent in this place.
 D = Time resting spent in this place.
 E = Time spent auto-exploring this place.
 F = Levels seen in this place.
 G = Mean time per level.
                   A        B        C        D        E       F      G
               +--------+--------+--------+--------+--------+-----+--------+
         Total |    531 |    531 |      0 |    191 |    277 |   1 |  531.0 |
       Dungeon |    531 |    531 |      0 |    191 |    277 |   1 |  531.0 |
               +--------+--------+--------+--------+--------+-----+--------+

Top non-repeatable levels by time:
     D:1: 531 daAuts
